Map: Shadowed Jungle

Players

Loken

  • Race: Zerg Zerg
  • League: Platinum
  • Spawn Location: 11:00

dallaskuken

  • Race: Protoss Protoss
  • League: Platinum
  • Spawn Location: 1:00

KbHerO

  • Race: Protoss Protoss
  • League: Platinum
  • Spawn Location: 7:00

FrozenMagic

  • Race: Terran Terran
  • League: Diamond
  • Spawn Location: 5:00

VOD

Have the link to the VOD?

Description

Time

  • Played on: April 11, 2017, 6:55 p.m.
  • Length: 13:51
Show
View Real Time Build Order
Export as new Build Order

Loken Zerg 

Build Orders: Hatch First 

Get SALT Encoding   

  12  0:01  Drone  
  13  0:08  Drone  
  14  0:21  Overlord  
  14  0:45  Hatchery  
  14  0:47  Drone  
  14  0:52  Drone  
  15  1:09  Spawning Pool  
  14  1:12  Drone  
  15  1:19  Drone  
  16  1:31  Drone  
  16  1:32  Drone  
  18  1:36  Extractor  
  17  1:48  Drone  
  17  1:49  Drone  
  19  2:00  Queen  
  19  2:01  Queen  
  23  2:12  Zergling x2  
  23  2:13  Zergling x6  
  27  2:17  Overlord  
  27  2:31  Drone  
  28  3:00  Drone x6  
  34  3:18  Metabolic Boost  
  34  3:25  Roach Warren  
  33  3:34  Overlord x2  
  33  4:00  Extractor  
  32  4:18  Roach x10  
  32  4:20  Overlord  
  32  4:21  Overlord x3  
  52  4:34  Extractor  
  51  4:38  Queen  
  51  4:40  Spore Crawler  
  52  4:53  Drone x6  
  58  5:15  Drone  
  58  5:16  Drone x6  
  61  5:50  Zergling x2  
  61  5:51  Zergling x14  
  49  6:16  Spine Crawler  
  49  6:17  Spine Crawler  
  47  6:19  Spine Crawler  
  47  6:20  Spine Crawler  
  47  6:22  Spine Crawler  
  44  6:28  Roach  
  44  6:29  Roach x9  
  64  6:40  Spine Crawler  
  64  6:41  Spine Crawler  
  64  6:45  Spore Crawler  
  61  6:50  Lair  
  54  7:10  Drone  
  54  7:11  Drone x9  
  64  7:21  Overlord  
  64  7:42  Ravager x8  
  64  7:43  Ravager x2  
  53  8:13  Zergling x2  
  53  8:14  Zergling x12  
  60  8:46  Hydralisk Den  
  60  8:47  Hatchery  
  58  9:01  Zergling x2  
  58  9:02  Zergling x20  
  69  9:08  Hatchery  
  52  9:46  Zergling x2  
  52  9:47  Zergling x20  
  63  10:02  Muscular Augments  
  63  10:03  Hydralisk  
  63  10:04  Hydralisk x4  
  73  10:20  Hydralisk x8  
  82  10:42  Hydralisk  
  69  10:43  Hydralisk x8  
  87  10:56  Extractor  
  86  11:05  Hydralisk  
  86  11:06  Hydralisk x4  
  88  11:41  Hydralisk  
  88  11:42  Hydralisk x3  
  96  12:02  Overlord x4  
  94  12:33  Zergling x2  
  94  12:34  Zergling x30  
  94  12:35  Zergling x16  
  108  12:47  Zergling x2  
  108  12:48  Zergling x8  
  113  13:00  Overlord x2  
Show
View Real Time Build Order
Export as new Build Order

dallaskuken Protoss 

Build Orders: Cannon Rush 

Get SALT Encoding   

  12  0:01  Probe (Chrono Boost)  
  13  0:11  Probe (Chrono Boost)  
  14  0:22  Pylon  
  14  0:31  Probe (Chrono Boost)  
  15  0:48  Probe (Chrono Boost)  
  16  0:52  Forge  
  16  0:58  Pylon, Probe (Chrono Boost)  
  17  1:09  Probe (Chrono Boost)  
  18  1:29  Photon Cannon  
  18  1:31  Photon Cannon  
  19  1:40  Probe (Chrono Boost)  
  19  1:44  Gateway  
  19  1:50  Pylon  
  19  1:55  Photon Cannon  
  19  2:09  Photon Cannon  
  19  2:13  Photon Cannon  
  19  2:25  Assimilator  
  19  2:30  Assimilator  
  19  2:33  Pylon  
  19  2:42  Zealot  
  21  2:55  Photon Cannon  
  21  2:56  Photon Cannon  
  21  3:11  Probe (Chrono Boost)  
  22  3:23  Probe (Chrono Boost)  
  22  3:24  Pylon  
  23  3:35  Pylon  
  23  3:44  Probe (Chrono Boost)  
  23  3:48  Cybernetics Core  
  25  3:56  Probe (Chrono Boost)  
  25  4:09  Nexus  
  25  4:14  Photon Cannon  
  25  4:30  Stargate  
  25  4:34  Probe (Chrono Boost)  
  26  4:40  Pylon  
  27  4:46  Probe (Chrono Boost)  
  27  4:58  Probe (Chrono Boost)  
  28  5:00  Photon Cannon  
  28  5:10  Probe (Chrono Boost)  
  29  5:19  Oracle  
  33  5:23  Probe (Chrono Boost)  
  34  5:37  Probe (Chrono Boost)  
  34  5:49  Nexus  
  34  6:11  Fleet Beacon  
  34  6:14  Probe (Chrono Boost)  
  34  6:17  Assimilator  
  35  6:21  Assimilator  
  36  6:26  Probe (Chrono Boost)  
  36  6:38  Probe (Chrono Boost)  
  37  6:41  Stalker, Void Ray  
  43  7:02  Probe (Chrono Boost)  
  44  7:13  Probe (Chrono Boost)  
  45  7:22  Void Ray  
  42  7:23  Probe (Chrono Boost)  
  47  7:38  Stargate  
  34  8:53  Nexus  
  30  9:14  Nexus  
  29  9:31  Assimilator  
  29  9:37  Assimilator  
  28  10:13  Pylon  
  28  10:25  Nexus  
  28  10:42  Nexus  
  28  10:44  Gateway  
  28  10:49  Pylon  
  28  10:51  Pylon  
  28  11:03  Pylon x2  
  28  11:08  Probe (Chrono Boost)  
  30  11:18  Probe (Chrono Boost)  
  29  11:29  Probe (Chrono Boost)  
  21  12:00  Nexus  
  20  12:12  Nexus  
  20  13:03  Assimilator  
  20  13:08  Assimilator  
  20  13:24  Probe (Chrono Boost)  
  21  13:29  Probe (Chrono Boost)  
  22  13:40  Probe (Chrono Boost)  
Show
View Real Time Build Order
Export as new Build Order

KbHerO Protoss 

Build Orders:  

Get SALT Encoding   

  12  0:02  Probe (Chrono Boost)  
  13  0:12  Probe (Chrono Boost)  
  14  0:18  Pylon  
  14  0:23  Probe (Chrono Boost)  
  15  0:36  Probe (Chrono Boost)  
  15  0:40  Gateway  
  16  0:47  Probe (Chrono Boost)  
  16  0:49  Assimilator  
  17  0:57  Probe (Chrono Boost)  
  18  1:08  Probe (Chrono Boost)  
  18  1:09  Assimilator  
  19  1:18  Probe (Chrono Boost)  
  20  1:33  Probe (Chrono Boost)  
  20  1:37  Cybernetics Core  
  20  1:39  Pylon  
  21  1:44  Probe (Chrono Boost)  
  22  1:54  Probe (Chrono Boost)  
  22  2:00  Zealot  
  25  2:05  Probe (Chrono Boost)  
  26  2:12  Warp Gate  
  26  2:18  Mothership Core (Chrono Boost)  
  28  2:23  Stalker  
  30  2:48  Probe (Chrono Boost)  
  31  2:52  Nexus  
  31  2:55  Pylon  
  31  2:56  Gateway  
  31  3:01  Pylon  
  31  3:12  Stalker  
  31  3:15  Probe (Chrono Boost)  
  35  3:27  Probe (Chrono Boost)  
  35  3:36  Robotics Facility  
  36  3:48  Probe (Chrono Boost)  
  36  3:53  Pylon  
  36  4:13  Probe (Chrono Boost)  
  36  4:14  Probe (Chrono Boost)  
  38  4:20  Stalker  
  38  4:21  Stalker  
  38  4:23  Probe (Chrono Boost)  
  43  4:24  Immortal  
  43  4:25  Probe (Chrono Boost)  
  48  4:57  Probe (Chrono Boost)  
  48  4:58  Probe (Chrono Boost), Immortal  
  54  5:07  Probe (Chrono Boost)  
  54  5:10  Probe (Chrono Boost)  
  56  5:18  Probe (Chrono Boost)  
  58  5:22  Probe (Chrono Boost)  
  58  5:35  Probe (Chrono Boost)  
  57  5:48  Sentry x2  
  59  6:03  Probe (Chrono Boost)  
  61  6:05  Probe (Chrono Boost)  
  61  6:14  Probe (Chrono Boost)  
  62  6:43  Pylon  
  62  6:45  Pylon  
  62  6:46  Pylon  
  62  6:49  Pylon  
  62  6:57  Immortal  
  62  7:02  Probe (Chrono Boost)  
  62  7:03  Probe (Chrono Boost)  
  68  7:12  Probe (Chrono Boost)  
  70  7:15  Probe (Chrono Boost)  
  70  7:27  Gateway  
  70  7:28  Probe (Chrono Boost)  
  70  7:29  Gateway  
  71  7:30  Gateway  
  71  7:31  Immortal  
  71  7:32  Gateway  
  71  7:35  Stalker x2  
  79  8:05  Immortal  
  75  8:27  Stalker x2  
  79  8:37  Probe (Chrono Boost)  
  79  8:39  Probe (Chrono Boost), Immortal  
  81  8:46  Assimilator  
  85  8:50  Assimilator  
  85  8:51  Probe (Chrono Boost)  
  86  8:57  Nexus  
  86  8:58  Pylon  
  86  9:00  Pylon  
  86  9:02  Stalker x4  
  94  9:13  Immortal  
  98  9:24  Stalker x2  
  98  9:25  Stalker  
  98  9:26  Stalker  
  98  9:27  Stalker  
  96  9:47  Immortal  
  96  9:49  Stalker x3  
  106  10:16  Zealot x3  
  106  10:17  Zealot x3  
  118  10:21  Immortal  
  114  10:46  Zealot x2  
  114  10:47  Zealot x3  
  125  10:57  Probe (Chrono Boost)  
  125  11:12  Twilight Council  
  125  11:16  Pylon  
  125  11:29  Immortal  
  125  11:34  Probe x2 (Chrono Boost)  
  125  11:35  Probe (Chrono Boost)  
  132  11:41  Pylon  
  132  11:43  Pylon  
  132  11:44  Assimilator, Probe (Chrono Boost)  
  133  11:49  Assimilator  
  133  11:51  Forge  
  133  11:53  Forge  
  133  11:59  Probe x2 (Chrono Boost)  
  133  12:01  Probe (Chrono Boost)  
  136  12:06  Sentry x3  
  136  12:07  Stalker x2  
  146  12:10  Probe (Chrono Boost)  
  147  12:17  Immortal  
  129  12:45  Stalker x6  
  141  12:55  Immortal  
  133  13:32  Stalker  
  133  13:33  Stalker x2, Zealot  
  133  13:34  Zealot x2  
Show
View Real Time Build Order
Export as new Build Order

FrozenMagic Terran 

Build Orders: Reaper Expand 

Get SALT Encoding   

  12  0:01  SCV  
  13  0:13  SCV  
  14  0:18  Supply Depot  
  14  0:25  SCV  
  15  0:40  SCV  
  15  0:42  Barracks  
  16  0:50  Refinery  
  16  0:52  SCV  
  18  1:04  SCV  
  18  1:16  SCV  
  19  1:28  Orbital Command  
  19  1:34  Reaper  
  20  1:45  Command Center  
  20  1:54  SCV  
  20  1:58  Supply Depot  
  20  2:46  Barracks Reactor  
  20  2:51  Barracks  
  20  2:53  Barracks x2  
  20  3:19  Orbital Command  
  20  3:29  Marine x2  
  21  3:42  Orbital Command  
  21  3:44  Barracks Tech Lab  
  21  3:46  Marine x2  
  23  3:56  Barracks Reactor, Barracks Tech Lab  
  23  4:04  Marine  
  23  4:07  Marine  
  23  4:09  SCV  
  26  4:15  Marauder  
  28  4:17  Marauder  
  28  4:21  SCV  
  28  4:22  Marine  
  32  4:25  Marine  
  32  4:27  SCV  
  34  4:32  Supply Depot x2  
  34  4:33  SCV  
  34  4:36  Marine  
  36  4:42  SCV  
  37  4:48  Marine x5  
  37  4:50  SCV  
  43  5:05  Marine x2  
  43  5:06  Marine  
  47  5:07  Marauder  
  46  5:21  Marine  
  46  5:22  Marine  
  46  5:23  Marauder, Marine  
  46  5:24  Marine  
  46  5:28  Marine  
  53  5:37  SCV  
  53  5:39  Marine x2  
  53  5:41  Marine x2  
  58  5:43  SCV  
  58  5:45  Marauder, Marine  
  62  6:04  Supply Depot x2  
  62  6:05  Supply Depot x2  
  62  6:06  SCV x2, Marine x3  
  62  6:07  Refinery  
  67  6:11  Refinery  
  67  6:18  Marine x2  
  69  6:22  SCV  
  69  6:24  Marine  
  67  6:30  SCV  
  67  6:44  SCV  
  67  6:45  SCV  
  69  6:50  Marine x3, Engineering Bay  
  69  6:51  Marauder x2, Marine  
  77  6:57  SCV  
  77  7:00  Supply Depot  
  78  7:03  Supply Depot  
  78  7:08  Marine x4  
  79  7:12  Marauder x2  
  78  7:23  SCV  
  78  7:25  Marine  
  78  7:26  Missile Turret, Marine x3  
  83  7:31  SCV  
  83  7:33  Marine  
  83  7:35  Missile Turret, SCV  
  86  7:37  Missile Turret  
  86  7:38  Factory  
  86  7:44  SCV, Marine  
  87  7:45  Marauder, Marine x3  
  87  7:47  SCV  
  94  7:51  Marauder  
  87  8:10  Marine x5  
  87  8:12  Marine  
  92  8:25  SCV x2  
  94  8:28  Marine x3  
  94  8:29  Marauder  
  94  8:33  Refinery  
  99  8:34  Refinery  
  99  8:37  SCV x2  
  99  8:41  Marine  
  102  8:57  SCV x2, Marine x3  
  107  9:14  Marine x2  
  107  9:15  Marine x4  
  108  9:32  Marine x2  
  108  9:33  Marauder x2, Marine x2  
  116  9:44  SCV x2  
  116  9:45  Terran Infantry Weapons Level 1  
  118  9:58  Marauder, Marine x5  
  118  9:59  Supply Depot  
  125  10:00  Command Center  
  125  10:02  Supply Depot  
  125  10:03  Supply Depot  
  125  10:05  Supply Depot  
  125  10:06  Supply Depot  
  125  10:08  Starport  
  125  10:16  Marine x5  
  125  10:19  Marine  
  125  10:20  Barracks  
  131  10:22  Barracks  
  131  10:24  Barracks  
  131  10:27  Barracks  
  129  10:40  Marine x3  
  129  10:41  Marine x3  
  127  10:45  Factory Reactor  
  127  10:46  Factory Tech Lab  
  127  10:47  SCV, Starport Reactor  
  128  10:58  Marine x3  
  128  11:01  Stimpack  
  131  11:16  Barracks  
  121  11:24  Orbital Command  
  121  11:27  Refinery  
  121  11:28  Refinery  
  121  11:29  Marine  
  121  11:30  Marine x2  
  121  11:31  Marauder, Marine  
  126  11:42  Marine  
  127  11:47  Marine x2  
  127  11:48  Marine  
  127  11:49  Marine  
  127  11:50  Barracks Reactor, Barracks Tech Lab  
  127  11:51  Barracks Reactor  
  127  11:52  Marauder  
  131  11:54  Barracks Tech Lab  
  131  11:58  SCV  
  131  12:01  Marauder  
  134  12:05  Marine x2  
  134  12:06  Marine  
  134  12:07  Marine  
  138  12:12  SCV x3  
  138  12:13  Barracks Reactor, Marauder  
  143  12:22  Marine  
  144  12:24  SCV x2  
  144  12:29  Medivac x2  
  150  12:31  Siege Tank  
  153  12:40  SCV x3  
  156  12:52  SCV x3  
  159  12:59  Marine x4, Medivac x2  
  159  13:00  Marauder x3, Marine x2  
  159  13:03  Concussive Shells, Armory  
  159  13:04  SCV x2  
  167  13:21  Marauder  
  167  13:22  Marine  
  167  13:23  Marine x2  
  168  13:27  Marine x4  
  168  13:28  Marauder x2  
  168  13:31  Marine  
  184  13:48  Command Center  
Tags
 
Add a new tag
Caveats
  • Supply blocks, unpowered buildings, or Contaminate may cause inaccurate times.
  • Supply counts are checked every 10 seconds.